Map: Romanticide LE

Players

A.I. 1 (Very Hard) - Winner!

  • Race: Terran Terran
  • Spawn Location: 5:00

jdg

  • Race: Zerg Zerg
  • League: Diamond
  • Spawn Location: 11:00

VOD

Have the link to the VOD?

Description

Time

  • Played on: Feb. 18, 2021, 9:10 p.m.
  • Length: 20:22
Show
View Real Time Build Order
Export as new Build Order

A.I. 1 (Very Hard) Terran - Winner!

Build Orders: 2 Factory, Mech 

Get SALT Encoding   

  12  0:00  SCV  
  13  0:13  SCV  
  14  0:18  Supply Depot  
  14  0:25  SCV  
  15  0:39  SCV  
  16  0:44  Barracks  
  16  0:51  SCV  
  17  1:03  SCV  
  18  1:16  SCV, Supply Depot  
  19  1:20  Refinery  
  19  1:28  SCV  
  19  1:32  Marine  
  21  1:40  SCV  
  22  1:49  Refinery  
  22  1:50  Marine  
  22  1:52  SCV  
  24  2:04  SCV  
  24  2:08  Marine  
  26  2:16  SCV  
  26  2:20  Factory  
  27  2:26  Marine  
  27  2:28  SCV  
  29  2:40  SCV, Factory  
  29  2:43  Marine, Supply Depot  
  31  2:53  Orbital Command  
  31  3:03  Factory Tech Lab  
  31  3:05  Marine  
  32  3:18  SCV  
  33  3:22  Marine, Command Center  
  33  3:23  Factory Tech Lab  
  34  3:30  SCV  
  35  3:43  SCV  
  36  3:55  SCV  
  37  3:59  Barracks  
  37  4:07  SCV  
  37  4:08  Supply Depot  
  38  4:19  SCV  
  39  4:30  Siege Tank x2  
  46  4:31  SCV  
  46  4:32  Supply Depot  
  46  4:33  Marine, SCV  
  48  4:43  SCV  
  49  4:45  SCV, Supply Depot  
  50  4:55  SCV  
  50  4:58  SCV  
  52  5:02  Siege Tank x2  
  58  5:07  SCV  
  58  5:10  SCV  
  58  5:13  Barracks Tech Lab  
  60  5:15  Factory  
  60  5:19  SCV  
  61  5:22  SCV, Command Center  
  62  5:33  Infernal Pre-Igniter  
  62  5:34  Hellion, Siege Tank  
  67  5:53  Supply Depot  
  67  5:56  Hellion  
  69  5:59  Hellion  
  71  6:07  Hellion  
  73  6:17  Hellion  
  75  6:19  Supply Depot  
  75  6:20  Hellion  
  77  6:28  Siege Tank  
  77  6:29  Armory  
  79  6:35  SCV  
  79  6:36  Refinery, SCV  
  79  6:37  SCV  
  82  6:45  Refinery  
  82  6:56  SCV  
  82  6:59  SCV x2  
  84  7:08  SCV  
  85  7:11  SCV  
  85  7:13  SCV, Engineering Bay  
  87  7:16  Terran Vehicle And Ship Armor Level 1  
  87  7:17  Thor  
  93  7:24  Orbital Command  
  93  7:35  Thor  
  99  7:37  Supply Depot  
  99  7:43  Missile Turret  
  99  7:45  Missile Turret  
  99  7:48  Factory Tech Lab, Armory  
  99  7:51  Orbital Command  
  98  8:01  Hellion  
  99  8:06  Hellion  
  99  8:09  Marauder  
  99  8:12  Marine  
  94  8:17  Command Center  
  94  8:19  Hellion  
  68  8:22  Siege Tank  
  70  8:27  Siege Tank  
  70  8:29  Marine  
  70  8:30  Marine  
  75  8:40  Siege Tank  
  78  8:42  Terran Vehicle Weapons Level 1  
  78  8:48  Marine x2  
  79  8:54  Hellion  
  82  8:59  Siege Tank  
  85  9:05  Marine  
  85  9:06  Marine  
  87  9:12  Siege Tank  
  87  9:16  Hellion  
  92  9:23  Marine  
  93  9:26  Supply Depot  
  93  9:29  SCV x2  
  95  9:31  SCV, Thor  
  95  9:34  SCV  
  95  9:37  Hellion  
  105  9:41  SCV  
  105  9:44  SCV, Planetary Fortress, Widow Mine  
  109  9:46  SCV  
  109  9:51  Missile Turret  
  110  9:53  SCV  
  110  9:55  Missile Turret  
  110  9:56  SCV  
  110  9:58  Siege Tank, SCV  
  116  10:05  Siege Tank, SCV  
  120  10:08  SCV  
  120  10:10  SCV, Supply Depot  
  122  10:14  Siege Tank  
  122  10:17  SCV  
  122  10:20  SCV  
  127  10:22  SCV x2  
  128  10:29  Missile Turret  
  128  10:30  SCV  
  128  10:31  Widow Mine  
  128  10:33  Starport  
  131  10:36  Supply Depot  
  131  10:37  Thor  
  131  10:42  Refinery  
  137  10:46  Refinery  
  137  10:49  Missile Turret  
  137  10:54  Terran Vehicle Weapons Level 2  
  137  10:55  Barracks  
  137  11:02  Supply Depot  
  137  11:04  SCV  
  137  11:05  Command Center  
  137  11:09  Medivac, SCV x2  
  137  11:10  SCV, Missile Turret  
  143  11:23  Barracks Reactor  
  143  11:28  Supply Depot  
  143  11:31  Hellion  
  147  11:33  Hellion  
  147  11:34  Starport  
  147  11:35  Hellion  
  147  11:38  Hi-Sec Auto Tracking  
  147  11:39  Medivac  
  151  11:41  Barracks Tech Lab  
  151  11:47  Barracks  
  151  11:53  Hellion  
  151  11:54  Marine, Supply Depot  
  153  11:57  Missile Turret  
  153  11:59  Engineering Bay  
  153  12:00  Marauder  
  153  12:01  Hellion, Marine x2, SCV  
  148  12:04  Hellion  
  97  12:09  Starport Tech Lab  
  97  12:10  SCV  
  97  12:11  Medivac  
  97  12:12  Marauder  
  97  12:14  Siege Tank  
  84  12:18  Marine  
  84  12:19  Marine  
  84  12:21  Marauder  
  89  12:22  Hellion  
  89  12:25  Siege Tank  
  89  12:26  SCV  
  89  12:28  Neosteel Armor, Raven  
  89  12:29  SCV  
  91  12:33  Marine  
  91  12:36  Marine x2  
  85  12:42  Marauder  
  85  12:44  Hellion  
  66  12:51  Marauder  
  65  12:58  Marine  
  65  13:00  Marine  
  65  13:01  Marine  
  65  13:04  Marauder  
  70  13:05  Command Center  
  70  13:07  SCV x2  
  70  13:09  SCV  
  70  13:12  Marine  
  74  13:16  Marine  
  74  13:18  Marine  
  74  13:19  SCV  
  77  13:20  SCV  
  77  13:21  SCV  
  77  13:25  Stimpack, Marauder  
  81  13:30  Marine  
  81  13:31  SCV, Marauder  
  85  13:34  Marine  
  85  13:35  SCV  
  85  13:38  SCV  
  88  13:43  SCV  
  88  13:47  SCV  
  90  13:50  SCV  
  90  13:55  SCV  
  92  13:56  Marauder  
  92  13:59  SCV  
  95  14:07  SCV  
  95  14:11  Marauder  
  95  14:15  Marine  
  98  14:23  Marauder  
  100  14:33  Marauder  
  102  14:42  Siege Tank  
  102  14:44  Marauder  
  107  14:48  Siege Tank  
  113  14:52  Siege Tank  
  113  14:54  Marauder  
  115  15:05  Marine, Marauder  
  118  15:14  Siege Tank  
  118  15:16  Marauder  
  118  15:17  Combat Shield  
  118  15:18  Terran Infantry Weapons Level 1, Concussive Shells  
  118  15:19  Terran Infantry Armor Level 1  
  118  15:21  Siege Tank  
  126  15:23  Planetary Fortress  
  126  15:27  Command Center, Marauder  
  128  15:37  Marauder  
  128  15:38  Starport Reactor, Missile Turret  
  128  15:39  Marine  
  128  15:40  Marine  
  134  15:42  Widow Mine  
  134  15:47  Widow Mine  
  134  15:48  Marauder  
  138  15:53  Widow Mine  
  138  15:55  Terran Vehicle Weapons Level 3  
  140  15:58  Raven  
  144  16:04  Widow Mine  
  144  16:05  Barracks Tech Lab  
  144  16:08  Barracks  
  144  16:10  Siege Tank  
  147  16:13  Medivac, Marauder  
  147  16:16  Marine x2  
  147  16:17  Marine  
  118  16:23  Marine  
  69  16:34  Marine x2, Marauder  
  69  16:35  Marine  
  72  16:40  Marine, SCV  
  72  16:41  SCV  
  72  16:43  SCV  
  72  16:45  SCV  
  72  16:46  SCV  
  78  16:52  Marine, SCV  
  78  16:53  Marine, SCV, Marauder  
  84  16:54  Marine  
  84  16:55  SCV, Marauder  
  84  16:57  SCV  
  84  16:59  Marauder  
  84  17:00  SCV  
  92  17:10  Marine  
  92  17:11  Marine  
  92  17:12  Marine  
  92  17:14  Siege Tank, Marauder  
  100  17:16  Marine  
  100  17:20  Siege Tank, Marauder  
  106  17:25  Siege Tank  
  106  17:27  Marine  
  106  17:28  Marine  
  111  17:35  Marauder x2  
  115  17:39  Viking  
  115  17:42  Marauder  
  119  17:45  Viking  
  119  17:46  Siege Tank  
  114  17:51  Viking  
  114  17:52  Siege Tank  
  114  17:56  Marauder  
  114  17:57  Marauder  
  117  18:03  Marauder  
  96  18:10  Marine  
  96  18:12  Marine  
  95  18:16  Marine  
  95  18:18  Marine  
  95  18:19  SCV  
  98  18:21  Marine, SCV  
  98  18:25  Marine  
  96  18:28  Marine  
  96  18:30  Marine, Raven  
  74  18:55  Command Center  
  74  19:59  Marine  
Show
View Real Time Build Order
Export as new Build Order

jdg Zerg 

Build Orders: Hatch First, Lurkers 

Get SALT Encoding   

  12  0:02  Drone  
  13  0:13  Overlord  
  13  0:18  Drone  
  14  0:31  Drone x2  
  16  0:49  Hatchery  
  15  0:52  Drone  
  15  0:56  Drone  
  17  1:01  Drone  
  18  1:12  Extractor  
  18  1:16  Spawning Pool  
  16  1:19  Drone  
  16  1:23  Drone  
  18  1:28  Drone  
  19  1:39  Drone  
  20  1:49  Overlord  
  20  2:03  Queen x2  
  20  2:04  Zergling x4  
  26  2:11  Drone  
  26  2:12  Drone  
  28  2:22  Drone x2  
  30  2:31  Hatchery  
  29  2:38  Drone, Metabolic Boost  
  30  2:46  Queen  
  30  2:50  Overlord  
  32  2:54  Drone  
  32  2:55  Drone  
  32  2:57  Drone  
  35  2:59  Drone  
  37  3:12  Drone  
  37  3:13  Drone x3, Overlord  
  37  3:17  Drone  
  37  3:18  Drone  
  42  3:23  Queen  
  44  3:28  Overlord  
  44  3:31  Overlord  
  44  3:47  Drone x3  
  47  3:49  Drone  
  47  3:51  Drone x3  
  47  3:53  Drone  
  47  3:55  Extractor  
  51  3:58  Zergling x4  
  51  3:59  Zergling x2  
  51  4:00  Zergling x2, Evolution Chamber x2  
  53  4:06  Queen  
  55  4:15  Overlord  
  55  4:18  Overlord  
  55  4:21  Drone x3  
  55  4:23  Spore Crawler  
  57  4:27  Drone  
  57  4:28  Drone  
  57  4:30  Drone, Zerg Ground Armor Level 1  
  60  4:34  Zerg Melee Weapons Level 1  
  60  4:36  Drone  
  61  4:39  Baneling Nest  
  60  4:49  Drone x6  
  60  4:51  Drone x2  
  68  4:53  Drone  
  68  4:57  Lair  
  68  4:59  Drone  
  70  5:01  Drone x2  
  72  5:10  Queen x2  
  72  5:11  Drone  
  77  5:18  Drone  
  77  5:19  Drone x4  
  82  5:23  Overlord  
  82  5:25  Overlord  
  82  5:32  Hatchery  
  82  5:34  Extractor x2  
  82  5:35  Overlord  
  79  5:36  Overlord  
  79  5:41  Drone x3  
  79  5:42  Drone x3  
  85  5:44  Extractor  
  84  5:54  Drone x3  
  84  5:55  Drone x3  
  90  6:03  Centrifical Hooks  
  90  6:05  Overseer  
  90  6:07  Drone  
  90  6:08  Drone  
  92  6:15  Zergling x10  
  92  6:16  Zergling x2  
  92  6:17  Hatchery  
  97  6:22  Drone x2  
  97  6:24  Zergling x8  
  103  6:32  Zerg Melee Weapons Level 2, Zerg Ground Armor Level 2  
  103  6:34  Drone x2  
  103  6:35  Unknown  
  103  6:36  Extractor  
  103  6:37  Hydralisk Den  
  103  6:38  Overlord x5  
  102  6:40  Zergling x2  
  103  6:47  Baneling x5  
  103  6:48  Baneling  
  103  6:49  Drone x3  
  103  6:50  Zergling x2  
  103  6:51  Zergling x2  
  103  6:52  Spine Crawler  
  107  6:55  Drone x2  
  107  6:56  Drone  
  107  6:59  Drone, Infestation Pit  
  110  7:04  Zergling x6  
  113  7:09  Muscular Augments  
  113  7:11  Drone  
  113  7:12  Drone x5  
  121  7:24  Hydralisk x4  
  121  7:27  Baneling x4  
  121  7:28  Zergling x4  
  131  7:32  Spine Crawler, Spore Crawler  
  131  7:33  Drone  
  131  7:36  Hive  
  128  7:38  Drone x5  
  128  7:41  Zergling x2  
  128  7:42  Zergling x6  
  137  7:49  Zergling x12  
  137  7:51  Hydralisk x2  
  147  7:59  Drone  
  147  8:00  Zergling x4  
  150  8:06  Zergling x12  
  150  8:07  Zergling x2  
  143  8:13  Hydralisk  
  143  8:14  Hydralisk x3  
  143  8:15  Zergling x2  
  143  8:18  Baneling x4  
  143  8:19  Baneling x4  
  143  8:21  Hatchery, Grooved Spines  
  143  8:25  Extractor  
  141  8:28  Drone x10  
  141  8:33  Drone x3, Extractor  
  153  8:34  Overlord x2  
  153  8:38  Zergling x4  
  153  8:39  Zergling x8  
  159  8:42  Overlord x2  
  159  8:43  Overlord  
  159  8:57  Zergling x16  
  159  9:01  Hydralisk  
  169  9:03  Overlord  
  169  9:10  Zerg Ground Armor Level 3, Zerg Melee Weapons Level 3  
  169  9:13  Ultralisk Cavern  
  168  9:17  Spire, Pathogen Glands  
  167  9:33  Extractor  
  167  9:34  Hatchery, Zergling x12, Extractor  
  167  9:35  Zergling x20  
  167  9:38  Baneling x8  
  180  9:48  Infestor  
  180  9:49  Infestor x7  
  180  9:52  Zergling x6  
  199  9:58  Pneumatized Carapace  
  199  9:59  Burrow  
  199  10:02  Chitinous Plating  
  199  10:13  Baneling x2  
  199  10:14  Baneling x6  
  199  10:22  Overlord x4  
  199  10:36  Neural Parasite  
  199  10:59  Baneling x4  
  199  11:00  Baneling x12  
  199  11:17  Zerg Flyer Weapons Level 1  
  199  11:21  Baneling x17, Anabolic Synthesis  
  199  11:30  Baneling x12  
  199  11:31  Baneling x3  
  199  11:35  Nydus Network, Lurker Den  
  197  11:47  Zerg Missile Weapons Level 1  
  187  12:08  Zergling x32  
  165  12:13  Hydralisk x4  
  165  12:14  Hydralisk x11  
  199  12:21  Zergling x6  
  191  12:41  Ultralisk  
  194  12:45  Zergling x4, Baneling x12  
  194  12:46  Zergling x6  
  195  13:00  Viper x2  
  198  13:12  Viper  
  198  13:13  Viper  
  197  13:21  Seismic Spines  
  195  13:33  Zerg Flyer Weapons Level 2  
  195  13:36  Spire  
  195  13:38  Spire  
  195  13:39  Viper x2  
  199  13:44  Hatchery  
  198  13:52  Hatchery, Extractor  
  198  13:53  Zerg Missile Weapons Level 2  
  198  13:55  Extractor  
  195  13:59  Lurker x5  
  200  14:19  Adaptive Talons  
  200  15:49  Zerg Flyer Armor Level 1  
  200  15:51  Zerg Flyer Weapons Level 3, Greater Spire  
  200  15:53  Overlord x2  
  200  16:11  Infestor x6  
  160  16:34  Ultralisk x2  
  160  16:37  Infestor x3  
  160  16:38  Infestor  
  180  17:09  Drone x6  
  180  17:10  Zerg Missile Weapons Level 3, Extractor  
  180  17:12  Extractor  
  184  17:49  Ultralisk x2  
  196  17:56  Hatchery  
  193  18:00  Unknown  
  193  18:03  Ultralisk  
  193  18:04  Zergling x2  
  199  18:06  Zergling x2  
  200  18:16  Overseer x3  
  178  18:52  Spine Crawler  
  178  18:53  Spine Crawler  
  178  18:54  Spine Crawler  
  175  18:58  Drone x2  
  175  18:59  Drone  
  175  19:00  Infestor  
  175  19:01  Infestor  
  182  19:04  Viper x2  
  188  19:50  Hatchery  
  188  19:51  Extractor  
  186  19:53  Extractor  
Tags
 
Add a new tag
Caveats
  • Supply blocks, unpowered buildings, or Contaminate may cause inaccurate times.
  • Supply counts are checked every 10 seconds.